 Dungeon Sprint DCSS version 0.18-a0-1784-ga939a68 (webtiles) character file.

443 Kidiri the Covert (level 6, -13/31 (32) HPs)
             Began as a Spriggan Enchanter on Apr 18, 2016.
             Mangled by a boulder beetle (44 damage)
             ... in the Dungeon (Sprint II: "The Violet Keep of Menkaure").
             The game lasted 00:02:20 (474 turns).

Kidiri the Covert (Spriggan Enchanter)               Turns: 474, Time: 00:02:21

HP:   -13/31 (32)   AC:  3    Str:  4    XL:     6   Next: 71%
MP:   12/17         EV: 25    Int: 17    God:
Gold: 729           SH:  0    Dex: 18    Spells: 5 memorised, 8 levels left

rFire  . . .     SeeInvis +     a - +1 dagger
rCold  . . .     Gourm    .     b - +1 robe
rNeg   . . .     Faith    .     (shield restricted)
rPois  .         Spirit   .     (helmet restricted)
rElec  .         Dismiss  .     (no cloak)
rCorr  .         Reflect  .     (gloves unavailable)
SustAt .         Harm     .     (boots unavailable)
MR     +....     NoTele   +     (no amulet)
Stlth  +++++.....               (no ring)
                                (no ring)

@: very quick, somewhat resistant to hostile enchantments, quite stealthy
A: unfitting armour, see invisible, herbivore 3, speed 3, slow metabolism 2
a: no special abilities


You were in the Dungeon.
You were not hungry.

You visited 1 branch You collected 729 gold pieces.

Inventory:

Hand Weapons
 a - a +1 dagger (weapon)
Armour
 b - a +1 robe (worn)
Scrolls
 j - a scroll of blinking
Potions
 e - a potion of curing
 g - a potion of haste
 h - 2 potions of magic
Books
 c - a book of Maledictions

   Spells                             Type                      Level
   a - Corona                         Hexes                        1
   b - Ensorcelled Hibernation        Hexes/Ice                    2
   c - Confuse                        Hexes                        3
   d - Tukima's Dance                 Hexes                        3
   e - Dazzling Spray                 Conjuration/Hexes            3
Comestibles
 d - a bread ration


   Skills:
 + Level 3.3 Fighting
 * Level 6.7 Short Blades
 + Level 3.0 Armour
 * Level 9.2 Dodging
 * Level 10.4 Stealth
 * Level 7.9 Spellcasting
 + Level 0.7 Conjurations
 + Level 6.2 Hexes
 + Level 0.7 Ice Magic


You had 8 spell levels left.
You knew the following spells:

 Your Spells              Type           Power        Failure   Level  Hunger
a - Corona                Hex            ####...      1%          1    None
b - Ensorcelled Hibernat  Hex/Ice        ###...       4%          2    None
c - Confuse               Hex            ####....     2%          3    #......
d - Tukima's Dance        Hex            ####....     2%          3    #......
e - Dazzling Spray        Conj/Hex       ###.....     10%         3    #......


Dungeon Overview and Level Annotations

Branches:
Dungeon (1/1)

Altars:


Innate Abilities, Weirdness & Mutations

You are tiny and cannot use many weapons and most armour.
You have supernaturally acute eyesight.
You are a herbivore.
You cover ground extremely quickly.
You need consume almost no food.


Message History

The helpless boulder beetle fails to defend itself.
You skewer the boulder beetle like a kebab!!!
The boulder beetle is severely wounded.
The boulder beetle bites you but does no damage.
Casting: Ensorcelled Hibernation
Confirm with . or Enter, or press ? or * to list all spells.
Aiming: Ensorcelled Hibernation
Press: ? - help, Shift-Dir - straight line, f - boulder beetle
Aim: a boulder beetle (severely wounded, chance to defeat MR: 31%)
The boulder beetle easily resists.
Casting: Ensorcelled Hibernation
Confirm with . or Enter, or press ? or * to list all spells.
Aiming: Dazzling Spray
Press: ? - help, Shift-Dir - straight line, f/p - boulder beetle
Aim: a boulder beetle (severely wounded)
The spray of energy hits the boulder beetle.
The boulder beetle is severely wounded.
The boulder beetle is dazzled.
The boulder beetle bites you!!!
Ouch! That really hurt!
You die...

##+## ##...##
#..#..#
####.#.####
##.###+###.##
#$B@##.###%.#
+###'.<.+.##+
#.B.##.###..#
##.###+# #.##
####..#####
#.%##.#
##.#.## ##+##
#≈≈≈≈≈≈≈≈≈≈≈


You could see a boulder beetle (blind).

Vanquished Creatures
  4 necrophages (D)
  4 worker ants (D)
  3 worms (D)
11 creatures vanquished.

Vanquished Creatures (others)
  Menkaure (D)
  A crocodile (D)
2 creatures vanquished.

Grand Total: 13 creatures vanquished

Notes
Turn   | Place    | Note
--------------------------------------------------------------
     0 | D        | Kidiri the Spriggan Enchanter began the quest for the Orb.
     0 | D        | Reached XP level 1. HP: 9/9 MP: 5/5
     1 | D        | Noticed a necrophage
     1 | D        | Noticed a necrophage
     1 | D        | Noticed a necrophage
     1 | D        | Noticed a necrophage
    10 | D        | Killed a necrophage
    10 | D        | Reached skill level 1 in Fighting
    10 | D        | Reached skill level 1 in Armour
    10 | D        | Reached skill level 5 in Dodging
    10 | D        | Reached skill level 7 in Stealth
    10 | D        | Reached skill level 5 in Spellcasting
    10 | D        | Reached XP level 2. HP: 15/15 MP: 5/9
    10 | D        | Reached XP level 3. HP: 18/18 MP: 5/10
    10 | D        | Reached XP level 4. HP: 23/23 MP: 6/12
    16 | D        | Killed a necrophage
    16 | D        | Reached skill level 5 in Short Blades
    16 | D        | Reached skill level 8 in Stealth
    16 | D        | Reached skill level 5 in Hexes
    16 | D        | Reached XP level 5. HP: 27/27 MP: 6/14
    24 | D        | Killed a necrophage
    24 | D        | Reached skill level 9 in Stealth
    53 | D        | Killed a crocodile
    55 | D        | Killed Menkaure
   124 | D        | Killed a necrophage
   124 | D        | Reached XP level 6. HP: 15/31 MP: 13/17
   128 | D        | Learned a level 2 spell: Ensorcelled Hibernation
   132 | D        | Learned a level 3 spell: Confuse
   136 | D        | Learned a level 3 spell: Tukima's Dance
   140 | D        | Learned a level 3 spell: Dazzling Spray
   347 | D        | Noticed a boulder beetle
   347 | D        | Noticed a boulder beetle
   425 | D        | Noticed an obsidian statue
   445 | D        | Reached skill level 10 in Stealth
   474 | D        | Mangled by a boulder beetle

Vault maps used:
D:        the_violet_keep_of_menkaure

Skill      XL: |  1  2  3  4  5  6 |
---------------+-------------------+-----
Fighting       | 1 2 3 |  3.3
Short Blades   | 3 5 6 |  6.7
Armour         | 1 2 3 |  3.0
Dodging        | 5 7 8 9 |  9.2
Stealth        | 7 8 9 10 | 10.4
Spellcasting   | 5 6 7 |  7.9
Hexes          | 4 5 6 |  6.2
Conjurations   | |  0.7
Ice Magic      | |  0.7

Action                   |  1- 3 |  4- 6 || total
-------------------------+-------+-------++-------
Melee: Dagger            |     6 |    52 ||    58
 Cast: Corona            |     1 |     6 ||     7
       Ensorcelled Hiber |       |     7 ||     7
       Dazzling Spray    |       |     1 ||     1
  Use: Potion            |     1 |     1 ||     2
 Stab: Sleeping          |       |     8 ||     8
Armor: Robe              |       |     3 ||     3
Dodge: Dodged            |     4 |    41 ||    45
